 Dungeon Crawl Stone Soup version 0.28.0-47-ge53b351184 (webtiles) character file.

Game seed: 11531899542432436245

42 unlimited1921 the Firebug (level 3, 0/26 HPs)
             Began as a Draconian Fire Elementalist on May 1, 2022.
             Slain by a hound (2 damage)
             ... on level 5 of the Dungeon on May 2, 2022.
             The game lasted 00:10:03 (2594 turns).

unlimited1921 the Firebug (DrFE)                    Turns: 2594, Time: 00:10:03

Health: 0/26       AC:  5    Str: 10    XL:     3   Next: 35%
Magic:  6/6        EV: 12    Int: 17    God:
Gold:   101        SH:  0    Dex: 11    Spells: 5/6 levels left

rFire   . . .      SeeInvis .   e - +0 short sword
rCold   . . .      Faith    .   (no shield)
rNeg    . . .      Spirit   .   (armour unavailable)
rPois   .          Reflect  .   (helmet restricted)
rElec   .          Harm     .   (no cloak)
rCorr   .          Rampage  .   (no gloves)
Will    .....                   (no boots)
Stlth   ++........              (no amulet)
HPRegen 0.08/turn               (no ring)
MPRegen 0.10/turn               (no ring)

@: no status effects
A: AC +5, unfitting armour, cold-blooded
a: no special abilities


You were on level 5 of the Dungeon.
You visited 1 branch of the dungeon, and saw 5 of its levels.

You collected 101 gold pieces.

Inventory:

Hand Weapons
 e - a +0 short sword (weapon)
Missiles
 b - 2 poisoned darts (quivered)
 c - 50 bolts
Armour
 f - a +0 ring mail
Scrolls
 a - a scroll of amnesia {unknown}
 d - 2 scrolls of identify {unknown}
 g - a scroll of teleportation {unknown}
Potions
 h - a potion of haste {unknown}
 i - a potion of degeneration {unknown}
 j - a potion of magic {unknown}


   Skills:
 + Level 2.0 Dodging
 + Level 1.9 Stealth
 + Level 2.4 Spellcasting
 + Level 1.6 Conjurations
 + Level 3.6 Fire Magic


You had 5 spell levels left.
You knew the following spells:

 Your Spells              Type           Power      Damage    Failure   Level
a - Foxfire               Conj/Fire      40%        2x1d6     6%          1

Your spell library contained the following spells:

 Spells                   Type           Power      Damage    Failure   Level
 Scorch                   Fire           28%        2d6       6%          2
 Conjure Flame            Conj/Fire      10%        6-21      19%         3
 Inner Flame              Hex/Fire       8%         N/A       26%         3
 Flame Wave               Conj/Fire      10%        2d5       54%         4


Dungeon Overview and Level Annotations

Branches:
Dungeon (5/15)
 Temple: D:4-7

Altars:
The Shining One

Shops:
D:4 (


Innate Abilities, Weirdness & Mutations

Your plain brown scales are hard. (AC +5)
You cannot fit into any form of body armour.
You are cold-blooded and may be slowed by cold attacks.


Message History

Found a hunting sling.
The hound barely misses you.
The adder skeleton bites you but does no damage.
The hound bites you but does no damage.
The hound skeleton bites you but does no damage.
A dart slug comes into view.
The centaur skeleton hits you.
The centaur skeleton kicks you but does no damage.
The adder skeleton closely misses you. The centaur skeleton barely misses you.
The centaur skeleton kicks you but does no damage.
The hound bites you but does no damage. The hound misses you.
The adder skeleton bites you but does no damage.
The hound misses you.
The hound skeleton bites you but does no damage.
The hound skeleton barely misses you. The dart slug launches a dart at you.
The slug dart hits you. The hound bites you.
You open the door.
The hound skeleton bites you but does no damage.
The hound closely misses you. The hound closely misses you.
The hound bites you but does no damage.
There is an open door here.
The hound bites you.
You open the door. The hound closely misses you. The hound bites you.
* * * LOW HITPOINT WARNING * * *
Found a murky orange potion.
As you open the door, it creaks loudly! The hound closely misses you.
The hound bites you but does no damage. The hound barely misses you.
The hound bites you but does no damage. The hound barely misses you.
You open the door. The hound barely misses you.
The hound bites you but does no damage. As you open the door, it creaks loudly!
A necrophage comes into view.
The hound bites you.
* * * LOW HITPOINT WARNING * * *
The necrophage closely misses you. The hound bites you.
You die...

................
####+#######....
#.# #..## ### #.#
### #..# #.. +.+
!.# #..# #.# #.#
#.# #..#. #.# #.#
#.# #..#.
###'###.###'###..#.
+.@hZ..w.Z....'..##
###n###.###Z###Z...
#.# #.# #.# #....
#.# #.# #.# #....
#.. +.+ ..# #....
### #.# ### #....
#.# #.... #+# #....
........


You could see a necrophage, a hound, a dart slug, an adder skeleton and a
centaur skeleton.

Vanquished Creatures
  A dart slug (D:1)
  3 giant cockroaches
  3 goblins
  4 hobgoblins (D:1)
  4 jackals (D:1)
  2 quokkas (D:2)
  6 ball pythons
  3 bats
  A frilled lizard (D:1)
  4 kobolds
  5 rats (D:1)
36 creatures vanquished.

Vanquished Creatures (others)
  131 foxfires
131 creatures vanquished.

Grand Total: 167 creatures vanquished

Notes
Turn   | Place    | Note
-------+----------+-------------------------------------------
     0 | D:1      | unlimited1921 the Draconian Fire Elementalist began the
                  | quest for the Orb.
     0 | D:1      | Reached XP level 1. HP: 14/14 MP: 3/3
   504 | D:1      | Reached XP level 2. HP: 20/20 MP: 0/5
  1201 | D:1      | Reached XP level 3. HP: 26/26 MP: 0/6
  2446 | D:4      | Found Zoarchaitz's Weapon Boutique.
  2452 | D:5      | Entered Level 5 of the Dungeon
  2514 | D:5      | Found a glowing golden altar of the Shining One.
  2593 | D:5      | Noticed a necrophage
  2594 | D:5      | Slain by a hound

Illustrated notes

Levels and vault maps discovered:
D:1:      dpeg_arrival_leaves_temple_mockup, layout_rooms
D:2:      minmay_wonky_spiral, layout_rooms, chequers_ecumenical_altar_grove,
          corexii_corridor_pit
D:3:      layout_basic, portal_sewer_entry_e
D:4:      layout_rooms, okawaru_metal_pillars_3, nemelex_spade_bored_becter,
          minmay_temple_entry_sparse_star, serial_shops, nicolae_stop_n_shop_1,
          nicolae_ossuary_entry_plus, uniq_robin, uniq_pargi
D:5:      kennysheep_slugbush, layout_gridville, mainiacjoe_overflow_alcove_4,
          nicolae_inconvenience_store, minmay_door_square,
          small_statue_intersection

Skill      XL: |  1  2 |
---------------+-------+-----
Dodging        | 2 |  2.0
Stealth        | |  1.9
Spellcasting   | |  2.4
Conjurations   | |  1.6
Fire Magic     | |  3.6

Action                   || total
-------------------------++-------
Melee: Unarmed           ||     4
       Short sword       ||    23
       Tailslap          ||     1
 Cast: Foxfire           ||    80
Armor: Skin              ||    43
Dodge: Dodged            ||    84
